TOP OF THE 1ST |
Blueville 83's batting - Pitching for Richmond Flairs : RHP John Smith
|
Pitching: RHP John Smith
|
|
Batting: LHB Javier Espinoza
|
0-0: Ball 1-0: Ball 2-0: Ball 3-0: Called Strike 3-1: Swinging Strike 3-2: Fly out, F7 (Flyball, 7LSF)
|
Batting: RHB Tae-kwon Kwon
|
0-0: DOUBLE (Line Drive, 7LM)
|
Batting: LHB António Glaviz
|
0-0: Ball 1-0: Called Strike 1-1: Fly out, F8 (Flyball, 78S)
|
Batting: RHB Matt Perkins
|
0-0: Called Strike 0-1: Foul Ball, location: 2F 0-2: 2-RUN HOME RUN (Flyball, 78XD), Distance : 382 ft
|
Batting: LHB Ricardo Romero
|
0-0: Called Strike 0-1: Ball 1-1: Called Strike 1-2: Strikes out swinging
|
Top of the 1st over - 2 run(s), 2 hit(s), 0 error(s), 0 left on base; Blueville 2 - Richmond 0 |
BOTTOM OF THE 1ST |
Richmond Flairs batting - Pitching for Blueville 83's : RHP Cody White
|
Pitching: RHP Cody White
|
|
Batting: LHB R.J. Courtney
|
0-0: Ball 1-0: Ball 2-0: SOLO HOME RUN (Flyball, 9LD), Distance : 328 ft
|
Batting: LHB Dave Gray
|
0-0: Ball 1-0: Fly out, F4 (Line Drive, 4)
|
Batting: SHB António Enríquez
|
0-0: Called Strike 0-1: Ball 1-1: Foul Ball, location: 2F 1-2: Ball 2-2: Foul Ball, location: 2F 2-2: Foul Ball, location: 2F 2-2: Ball 3-2: SINGLE (Groundball, 4D)
|
Batting: RHB Elliott Johnston
|
0-0: Ball 1-0: Swinging Strike 1-1: Foul Ball, location: 2F 1-2: Foul Ball, location: 2F 1-2: Strikes out swinging
|
Batting: RHB R.J. Crosby
|
0-0: Called Strike 0-1: Ground out U3 (Groundball, 34)
|
Bottom of the 1st over - 1 run(s), 2 hit(s), 0 error(s), 1 left on base; Blueville 2 - Richmond 1 |
TOP OF THE 2ND |
Blueville 83's batting - Pitching for Richmond Flairs : RHP John Smith
|
Batting: RHB Jimmy Simon
|
0-0: Ball 1-0: Called Strike 1-1: Fly out, F4 (Popup, 4)
|
Batting: LHB Vincente Sáenz
|
0-0: Fly out, F7 (Flyball, 7D)
|
Batting: RHB Yoshihide Takahashi
|
0-0: Ball 1-0: Ground out 5-3 (Groundball, 56S)
|
Top of the 2nd over - 0 run(s), 0 hit(s), 0 error(s), 0 left on base; Blueville 2 - Richmond 1 |
BOTTOM OF THE 2ND |
Richmond Flairs batting - Pitching for Blueville 83's : RHP Cody White
|
Batting: LHB Pedro Díaz
|
0-0: Ball 1-0: Called Strike 1-1: Ball 2-1: Called Strike 2-2: Strikes out swinging
|
Batting: SHB Adrián Miranda
|
0-0: Ball 1-0: Foul Ball, location: 2F 1-1: Ball 2-1: Swinging Strike 2-2: SINGLE (Flyball, 8LS)
|
Batting: RHB Rafael Carreón
|
0-0: Swinging Strike 0-1: Swinging Strike 0-2: Strikes out swinging
|
Batting: RHB Miguel Hernández
|
0-0: Ball 1-0: Ball 2-0: Ball 3-0: Called Strike 3-1: Foul Ball, location: 2F 3-2: Foul Ball, location: 2F 3-2: Ground out 1-3 (Groundball, P)
|
Bottom of the 2nd over - 0 run(s), 1 hit(s), 0 error(s), 1 left on base; Blueville 2 - Richmond 1 |
TOP OF THE 3RD |
Blueville 83's batting - Pitching for Richmond Flairs : RHP John Smith
|
Batting: RHB Felipe Rivera
|
0-0: Called Strike 0-1: Called Strike 0-2: Ball 1-2: Ball 2-2: Strikes out swinging
|
Batting: LHB Javier Espinoza
|
0-0: Ball 1-0: Ball 2-0: Called Strike 2-1: Ball 3-1: Base on Balls
|
Batting: RHB Tae-kwon Kwon
|
0-0: Foul Ball, location: 2F 0-1: Ball 1-1: SINGLE (Groundball, 6MD) Javier Espinoza to second Javier Espinoza to third
|
Batting: LHB António Glaviz
|
Pickoff Throw to First - Error! E1 Javier Espinoza scores Tae-kwon Kwon to second 0-0: Foul Ball, location: 2F 0-1: Swinging Strike 0-2: Ball 1-2: Strikes out looking
|
Batting: RHB Matt Perkins
|
0-0: Called Strike 0-1: Called Strike 0-2: Foul Ball, location: 2F 0-2: Ball 1-2: Ball Wild Pitch! Tae-kwon Kwon to third 2-2: Ball 3-2: Ground out 5-3 (Groundball, 56)
|
Top of the 3rd over - 1 run(s), 1 hit(s), 1 error(s), 1 left on base; Blueville 3 - Richmond 1 |
BOTTOM OF THE 3RD |
Richmond Flairs batting - Pitching for Blueville 83's : RHP Cody White
|
Batting: LHB R.J. Courtney
|
0-0: Called Strike 0-1: Foul Ball, location: 2F 0-2: Foul Ball, location: 2F 0-2: Ball 1-2: Strikes out swinging
|
Batting: LHB Dave Gray
|
0-0: Ball 1-0: Called Strike 1-1: Ball 2-1: Foul Ball, location: 2F 2-2: Ball 3-2: Base on Balls
|
Batting: SHB António Enríquez
|
0-0: Ball 1-0: Foul Ball, location: 2F 1-1: Ball 2-1: Foul Ball, location: 2F 2-2: Ball 3-2: Strikes out swinging
|
Batting: RHB Elliott Johnston
|
0-0: Ball 1-0: Foul Ball, location: 2F 1-1: Foul Ball, location: 2F 1-2: Strikes out swinging
|
Bottom of the 3rd over - 0 run(s), 0 hit(s), 0 error(s), 1 left on base; Blueville 3 - Richmond 1 |
TOP OF THE 4TH |
Blueville 83's batting - Pitching for Richmond Flairs : RHP John Smith
|
Batting: LHB Ricardo Romero
|
0-0: Ball 1-0: Ground out 1-3 (Groundball, P)
|
Batting: RHB Jimmy Simon
|
0-0: Foul Ball, location: 2F 0-1: Ball 1-1: Ball 2-1: SOLO HOME RUN (Flyball, 7LD), Distance : 333 ft
|
Batting: LHB Vincente Sáenz
|
0-0: Ball 1-0: Called Strike 1-1: SINGLE (Line Drive, 8LS)
|
Batting: RHB Yoshihide Takahashi
|
0-0: Foul Ball, location: 2F 0-1: SINGLE (Groundball, 56D) Vincente Sáenz to second
|
Batting: RHB Felipe Rivera
|
0-0: Ball 1-0: Called Strike 1-1: Ball 2-1: Fly out, F8 (Flyball, 8LM)
|
Batting: LHB Javier Espinoza
|
0-0: Ball 1-0: 3-RUN HOME RUN (Flyball, 89XD), Distance : 376 ft
|
Pitching: RHP Sandro Gonzáles
|
|
Batting: RHB Tae-kwon Kwon
|
0-0: Called Strike 0-1: Ball 1-1: Ground out 5-3 (Groundball, 56)
|
Top of the 4th over - 4 run(s), 4 hit(s), 0 error(s), 0 left on base; Blueville 7 - Richmond 1 |
BOTTOM OF THE 4TH |
Richmond Flairs batting - Pitching for Blueville 83's : RHP Cody White
|
Batting: RHB R.J. Crosby
|
0-0: Ball 1-0: SINGLE (Groundball, 34D)
|
Batting: LHB Pedro Díaz
|
0-0: Ball 1-0: Foul Ball, location: 2F 1-1: DOUBLE (Line Drive, 9LD) R.J. Crosby to third
|
Batting: SHB Adrián Miranda
|
0-0: Ball 1-0: Hit by Pitch
|
Batting: RHB Rafael Carreón
|
0-0: Called Strike 0-1: Swinging Strike 0-2: Ball 1-2: Ball 2-2: SINGLE (Groundball, 34D) R.J. Crosby scores Pedro Díaz to third Adrián Miranda to second Runner from 3rd tries for Home, SAFE, throw made home Adrián Miranda to third Rafael Carreón to second
|
Batting: RHB Miguel Hernández
|
0-0: Called Strike 0-1: Ball 1-1: Ground out 6-3 (Groundball, 6) Adrián Miranda scores
|
Batting: LHB R.J. Courtney
|
0-0: Ball 1-0: Ball 2-0: Foul Ball, location: 2F 2-1: SINGLE (Groundball, 4MD) Rafael Carreón to third
|
Batting: LHB Dave Gray
|
0-0: Ball 1-0: Ball 2-0: Called Strike 2-1: Foul Ball, location: 2F 2-2: SINGLE (Groundball, 4D) Rafael Carreón scores R.J. Courtney to second Runner from 2nd tries for 3rd, SAFE, no throw
|
Pitching: RHP José Ruíz
|
|
Batting: SHB António Enríquez
|
0-0: Swinging Strike 0-1: Called Strike 0-2: Ball 1-2: Ball 2-2: Foul Ball, location: 2F 2-2: Ball 3-2: Base on Balls Dave Gray to second
|
Batting: RHB Elliott Johnston
|
0-0: Called Strike 0-1: SINGLE (Flyball, 9S) R.J. Courtney scores Dave Gray to third António Enríquez to second
|
Batting: RHB R.J. Crosby
|
0-0: SINGLE (Groundball, 6MD) Dave Gray scores António Enríquez to third Elliott Johnston to second Runner from 3rd tries for Home, SAFE, throw made home Elliott Johnston to third R.J. Crosby to second
|
Batting: LHB Pedro Díaz
|
0-0: Called Strike 0-1: Ball 1-1: Called Strike 1-2: Ball 2-2: Fly out, F6 (Line Drive, 6M)
|
Batting: SHB Adrián Miranda
|
0-0: Fly out, F5 (Popup, 5S)
|
Bottom of the 4th over - 7 run(s), 7 hit(s), 0 error(s), 2 left on base; Blueville 7 - Richmond 8 |
TOP OF THE 5TH |
Blueville 83's batting - Pitching for Richmond Flairs : RHP Sandro Gonzáles
|
Batting: LHB António Glaviz
|
0-0: Ball 1-0: Called Strike 1-1: DOUBLE (Line Drive, 7LM)
|
Batting: RHB Matt Perkins
|
0-0: Foul Ball, location: 2F 0-1: 2-RUN HOME RUN (Flyball, 7D), Distance : 376 ft
|
Batting: LHB Ricardo Romero
|
0-0: Called Strike 0-1: SINGLE (Flyball, 78S)
|
Batting: RHB Jimmy Simon
|
0-0: Called Strike 0-1: Called Strike 0-2: Ball 1-2: 2-RUN HOME RUN (Flyball, 89XD), Distance : 369 ft
|
Pitching: LHP Orlando Díaz
|
|
Batting: LHB Vincente Sáenz
|
0-0: Ball 1-0: Foul Ball, location: 2F 1-1: Ball 2-1: DOUBLE (Line Drive, 8RXD)
|
Batting: RHB Yoshihide Takahashi
|
0-0: Ball 1-0: Ball 2-0: Foul Ball, location: 2F 2-1: Called Strike 2-2: Ball 3-2: Base on Balls
|
Batting: RHB Felipe Rivera
|
0-0: Called Strike 0-1: Ball 1-1: Called Strike 1-2: Foul Ball, location: 2F 1-2: Ball 2-2: Fly out, F4 (Line Drive, 34D)
|
Batting: LHB Javier Espinoza
|
0-0: Ball 1-0: SINGLE (Groundball, 23) (infield hit) Vincente Sáenz to third Yoshihide Takahashi to second
|
Batting: RHB Tae-kwon Kwon
|
0-0: Ball 1-0: Ball 2-0: Called Strike 2-1: Foul Ball, location: 2F 2-2: Strikes out swinging
|
Batting: LHB António Glaviz
|
0-0: Foul Ball, location: 2F 0-1: Called Strike 0-2: Ball 1-2: Strikes out looking
|
Top of the 5th over - 4 run(s), 6 hit(s), 0 error(s), 3 left on base; Blueville 11 - Richmond 8 |
BOTTOM OF THE 5TH |
Richmond Flairs batting - Pitching for Blueville 83's : RHP José Ruíz
|
Batting: RHB Rafael Carreón
|
0-0: Swinging Strike 0-1: Foul Ball, location: 2F 0-2: Ball 1-2: Ball 2-2: Ball 3-2: Foul Ball, location: 2F 3-2: Base on Balls
|
Batting: RHB Miguel Hernández
|
0-0: Ball 1-0: Foul Ball, location: 2F 1-1: Ball 2-1: Grounds into double play, 4-6-3 (Groundball, 34)
|
Batting: LHB R.J. Courtney
|
0-0: Ball 1-0: Called Strike 1-1: Ball 2-1: Foul Ball, location: 2F 2-2: Ball 3-2: Ground out 1-3 (Groundball, P)
|
Bottom of the 5th over - 0 run(s), 0 hit(s), 0 error(s), 0 left on base; Blueville 11 - Richmond 8 |
TOP OF THE 6TH |
Blueville 83's batting - Pitching for Richmond Flairs : LHP Orlando Díaz
|
Batting: RHB Matt Perkins
|
0-0: Called Strike 0-1: Called Strike 0-2: Ball 1-2: Foul Ball, location: 2F 1-2: Fly out, F7 (Flyball, 78M)
|
Pitching: RHP Frank Martin
|
|
Batting: LHB Ricardo Romero
|
0-0: Ball 1-0: SINGLE (Flyball, 8LS)
|
Batting: RHB Jimmy Simon
|
0-0: Ball 1-0: Swinging Strike 1-1: Fielders Choice at 2nd, 2-4 (Groundball, 2L)
|
Batting: LHB Vincente Sáenz
|
0-0: Ball 1-0: Ball 2-0: Ball 3-0: Base on Balls Jimmy Simon to second
|
Batting: RHB Yoshihide Takahashi
|
0-0: Called Strike 0-1: Ball 1-1: Called Strike 1-2: Ball 2-2: Ball 3-2: Strikes out swinging
|
Top of the 6th over - 0 run(s), 1 hit(s), 0 error(s), 2 left on base; Blueville 11 - Richmond 8 |
BOTTOM OF THE 6TH |
Richmond Flairs batting - Pitching for Blueville 83's : RHP José Ruíz
|
Batting: LHB Dave Gray
|
0-0: Ball 1-0: Ball 2-0: Ball 3-0: Base on Balls
|
Batting: SHB António Enríquez
|
0-0: Ball 1-0: Grounds into double play, 6-4-3 (Groundball, 6M)
|
Pitching: RHP Clint Tancock
|
|
Batting: RHB Elliott Johnston
|
0-0: Swinging Strike 0-1: Ball 1-1: Foul Ball, location: 2F 1-2: Strikes out looking
|
Bottom of the 6th over - 0 run(s), 0 hit(s), 0 error(s), 0 left on base; Blueville 11 - Richmond 8 |
TOP OF THE 7TH |
Blueville 83's batting - Pitching for Richmond Flairs : RHP Frank Martin
|
Batting: RHB Felipe Rivera
|
0-0: Ball 1-0: Ball 2-0: Foul Ball, location: 2F 2-1: Foul Ball, location: 2F 2-2: Strikes out swinging
|
Batting: LHB Javier Espinoza
|
0-0: Ball 1-0: Called Strike 1-1: Foul Ball, location: 2F 1-2: Ball 2-2: Ground out 4-3 (Groundball, 4)
|
Batting: RHB Tae-kwon Kwon
|
0-0: Ball 1-0: SINGLE (Groundball, 6MD)
|
Batting: LHB António Glaviz
|
0-0: Foul Ball, location: 2F 0-1: Called Strike 0-2: Ball 1-2: Fielders Choice at 2nd, 4-6 (Groundball, 34)
|
Top of the 7th over - 0 run(s), 1 hit(s), 0 error(s), 0 left on base; Blueville 11 - Richmond 8 |
BOTTOM OF THE 7TH |
Richmond Flairs batting - Pitching for Blueville 83's : RHP Clint Tancock
|
Batting: RHB R.J. Crosby
|
0-0: Called Strike 0-1: Ground out U3 (Groundball, 34S)
|
Batting: LHB Pedro Díaz
|
0-0: Ball 1-0: Called Strike 1-1: SINGLE (Groundball, 3) (infield hit)
|
Batting: SHB Adrián Miranda
|
0-0: Called Strike 0-1: Foul Ball, location: 2F 0-2: Ball 1-2: Foul Ball, location: 2F 1-2: Grounds into double play, 4-6-3 (Groundball, 4)
|
Bottom of the 7th over - 0 run(s), 1 hit(s), 0 error(s), 0 left on base; Blueville 11 - Richmond 8 |
TOP OF THE 8TH |
Blueville 83's batting - Pitching for Richmond Flairs : RHP Frank Martin
|
Batting: RHB Matt Perkins
|
0-0: Foul Ball, location: 2F 0-1: Foul Ball, location: 2F 0-2: SOLO HOME RUN (Flyball, 78XD), Distance : 397 ft
|
Batting: LHB Ricardo Romero
|
0-0: Called Strike 0-1: Ball 1-1: Called Strike 1-2: Ball 2-2: Ball 3-2: Strikes out swinging
|
Batting: RHB Jimmy Simon
|
0-0: Ball 1-0: Ball 2-0: Called Strike 2-1: Ball 3-1: Base on Balls
|
Batting: LHB Vincente Sáenz
|
0-0: Called Strike 0-1: Ball 1-1: Foul Ball, location: 2F 1-2: SINGLE (Groundball, 56D) Jimmy Simon to second
|
Pitching: LHP Enrico Lozano
|
|
Batting: RHB Yoshihide Takahashi
|
0-0: Ball 1-0: Ball Wild Pitch! Jimmy Simon to third Vincente Sáenz to second 2-0: Ball 3-0: Base on Balls
|
Batting: RHB Felipe Rivera
|
0-0: Called Strike 0-1: Ball 1-1: Reached on error, E3 (Groundball, 34S) Jimmy Simon scores Vincente Sáenz to third Yoshihide Takahashi to second
|
Batting: LHB Javier Espinoza
|
0-0: Ball 1-0: Foul Ball, location: 2F 1-1: Ball 2-1: Swinging Strike 2-2: Ground out 6-3 (Groundball, 6S) Vincente Sáenz scores Yoshihide Takahashi to third Felipe Rivera to second
|
Batting: RHB Tae-kwon Kwon
|
0-0: Fly out, F8 (Flyball, 8RD)
|
Top of the 8th over - 3 run(s), 2 hit(s), 1 error(s), 2 left on base; Blueville 14 - Richmond 8 |
BOTTOM OF THE 8TH |
Richmond Flairs batting - Pitching for Blueville 83's : RHP Clint Tancock
|
Batting: RHB Rafael Carreón
|
0-0: Ball 1-0: Ball 2-0: Called Strike 2-1: Ball 3-1: Base on Balls
|
Batting: RHB Miguel Hernández
|
0-0: Ball 1-0: Grounds into double play, 1-6-3 (Groundball, P)
|
Batting: LHB R.J. Courtney
|
0-0: Called Strike 0-1: Called Strike 0-2: Strikes out swinging
|
Bottom of the 8th over - 0 run(s), 0 hit(s), 0 error(s), 0 left on base; Blueville 14 - Richmond 8 |
TOP OF THE 9TH |
Blueville 83's batting - Pitching for Richmond Flairs : LHP Enrico Lozano
|
Batting: LHB António Glaviz
|
0-0: Ball 1-0: Swinging Strike 1-1: Swinging Strike 1-2: Strikes out swinging
|
Batting: RHB Matt Perkins
|
0-0: Called Strike 0-1: Foul Ball, location: 2F 0-2: Ball 1-2: Ball 2-2: Ball 3-2: Base on Balls
|
Batting: LHB Ricardo Romero
|
0-0: Ball 1-0: Called Strike 1-1: Foul Ball, location: 2F 1-2: Strikes out looking
|
Batting: RHB Jimmy Simon
|
0-0: Ball 1-0: Ball 2-0: Ball 3-0: Base on Balls Matt Perkins to second
|
Batting: LHB Vincente Sáenz
|
0-0: Foul Ball, location: 2F 0-1: Foul Ball, location: 2F 0-2: Foul Ball, location: 2F 0-2: Foul Ball, location: 2F 0-2: Ball 1-2: Foul Ball, location: 2F 1-2: Foul Ball, location: 2F 1-2: Foul Ball, location: 2F 1-2: Ball 2-2: Ball 3-2: SINGLE (Line Drive, 6MD) Matt Perkins to third Jimmy Simon to second Matt Perkins scores Jimmy Simon to third
|
Batting: RHB Yoshihide Takahashi
|
0-0: Called Strike 0-1: Ball 1-1: Ball 2-1: Ball 3-1: Called Strike 3-2: Foul Ball, location: 2F 3-2: Foul Ball, location: 2F 3-2: Strikes out swinging
|
Top of the 9th over - 1 run(s), 1 hit(s), 0 error(s), 2 left on base; Blueville 15 - Richmond 8 |
BOTTOM OF THE 9TH |
Richmond Flairs batting - Pitching for Blueville 83's : RHP Clint Tancock
|
Batting: LHB Dave Gray
|
0-0: Called Strike 0-1: Ball 1-1: Foul Ball, location: 2F 1-2: Ball 2-2: Foul Ball, location: 2F 2-2: Foul Ball, location: 2F 2-2: Strikes out swinging
|
Batting: SHB António Enríquez
|
0-0: Ball 1-0: DOUBLE (Line Drive, 9LM)
|
Batting: RHB Elliott Johnston
|
0-0: Foul Ball, location: 2F 0-1: SINGLE (Groundball, 6D) António Enríquez to third Runner from 3rd tries for Home, SAFE, throw made home
|
Batting: RHB R.J. Crosby
|
0-0: Ball 1-0: Ball 2-0: Foul Ball, location: 2F 2-1: Foul Ball, location: 2F 2-2: Fly out, F9 (Flyball, 9)
|
Batting: LHB Pedro Díaz
|
0-0: Ball 1-0: Fly out, F4 (Popup, 4MD)
|
Bottom of the 9th over - 1 run(s), 2 hit(s), 0 error(s), 1 left on base; Blueville 15 - Richmond 9 |
|